 Dungeon Crawl Stone Soup version 0.17-a0-834-g123d519 (webtiles) character file.

186 FedoraBrony69 the Conjurer (level 5, -3/28 HPs)
             Began as a Deep Elf Conjurer on Apr 26, 2015.
             Slain by an orc warrior
             ... wielding a +0 mace
              (13 damage)
             ... on level 3 of the Dungeon.
             The game lasted 00:06:53 (2875 turns).

FedoraBrony69 the Conjurer (Deep Elf Conjurer)      Turns: 2875, Time: 00:06:53

Health: -3/28      AC:  2    Str:  5    XL:     5   Next: 38%
Magic:  7/15       EV: 13    Int: 21    God:
Gold:   180        SH:  0    Dex: 15    Spells: 3 memorised, 5 levels left

rFire  . . .     SeeInvis .     q - +0 mace
rCold  . . .     Clarity  .     a - +0 robe
rNeg   . . .     SustAb   .     (no shield)
rPois  .         Gourm    .     (no helmet)
rElec  .         Spirit   .     (no cloak)
rCorr  .         Warding  .     (no gloves)
rMut   .         Stasis   .     (no boots)
MR     .....                    (no amulet)
Stlth  ++........               (no ring)
                                (no ring)

@: very slightly contaminated, not resistant to hostile enchantments, unstealthy
A: no striking features
a: no special abilities


You were on level 3 of the Dungeon.
You were not hungry.

You visited 1 branch of the dungeon, and saw 3 of its levels.

You collected 180 gold pieces.

Inventory:

Hand weapons
 d - a +0 dagger
 i - a +0 club
 q - a +0 mace (weapon)
Armour
 a - a +0 robe (worn)
Jewellery
 g - a +1 ring of evasion {unknown}
Magical devices
 m - a wand of enslavement (8)
Scrolls
 k - 3 scrolls of remove curse
 n - a scroll of random uselessness {unknown}
 o - 4 scrolls of identify
 p - 2 scrolls of teleportation {unknown}
 s - a scroll of blinking {unknown}
 t - a scroll of enchant armour {unknown}
Books
 b - a book of Conjurations

   Spells                             Type                      Level
   a - Magic Dart                     Conjuration                  1
   b - Searing Ray                    Conjuration                  2
   c - Dazzling Spray                 Conjuration/Hexes            3
   d - Fulminant Prism                Conjuration/Hexes            4
   e - Iskenderun's Mystic Blast      Conjuration                  4
   f - Iskenderun's Battlesphere      Conjuration/Charms           5
Comestibles
 c - 3 bread rations
 f - 3 fruits
 h - a slice of pizza
 j - a meat ration


   Skills:
 - Level 2.4 Dodging
 - Level 2.4 Stealth
 + Level 5.8 Spellcasting
 + Level 6.0 Conjurations


You had 5 spell levels left.
You knew the following spells:

 Your Spells              Type           Power        Failure   Level  Hunger
a - Magic Dart            Conj           ####         1%          1    None
b - Iskenderun's Battles  Conj/Chrm      ###.....     87%         5    #####..
c - Iskenderun's Mystic   Conj           ####....     12%         4    ####...


Dungeon Overview and Level Annotations

Branches:
Dungeon (3/15)

Altars:
The Shining One


Message History

Confirm with . or Enter, or press ? or * to list all spells.
Aiming: Iskenderun's Mystic Blast
Press: ? - help, Shift-Dir - straight line, f - orc warrior
Aim: an orc warrior, wielding a mace and wearing a plate armour (moderately wounded)
The orb of energy hits the orc warrior.
The orc warrior is moderately wounded.
The orb of energy explodes!
The orc warrior hits you with a mace!
Casting: Iskenderun's Mystic Blast
Confirm with . or Enter, or press ? or * to list all spells.
Okay, then.
Unknown command.
Casting: Iskenderun's Mystic Blast
Confirm with . or Enter, or press ? or * to list all spells.
Aiming: Iskenderun's Mystic Blast
Press: ? - help, Shift-Dir - straight line, f/p - orc warrior
Aim: an orc warrior, wielding a mace and wearing a plate armour (moderately wounded)
You miscast Iskenderun's Mystic Blast.
You are very lightly contaminated with residual magic.
Sparks fly from your hands! The orc warrior hits you with a mace!
You die...

##############.....
#.........# #....(
#...(.....# #....(
#.........# ##....
#.........#####....
#.........#.o...o..
##.....#####.##.....
##..o..!.###..##<....
#.()@........####....
#.........#### ##...
##.......## ####
##.....## #######


You could see an orc warrior.

Vanquished Creatures
  An orc priest (D:3)
  An orc wizard (D:3)
  5 adders (D:2)
  A shadow imp (D:3)
  2 oozes (D:3)
  3 worms (D:2)
  6 orcs
  11 bats
  4 goblins
  5 hobgoblins
  6 kobolds
  A ball python (D:1)
  2 giant cockroaches
  4 giant newts
  7 rats
59 creatures vanquished.

Notes
Turn   | Place    | Note
--------------------------------------------------------------
     0 | D:1      | FedoraBrony69, the Deep Elf Conjurer, began the quest for the Orb.
     0 | D:1      | Reached XP level 1. HP: 10/10 MP: 6/6
   159 | D:1      | Reached XP level 2. HP: 10/15 MP: 3/8
   441 | D:1      | Reached skill level 5 in Conjurations
   803 | D:1      | Reached XP level 3. HP: 19/19 MP: 8/10
  1003 | D:2      | Found a glowing golden altar of the Shining One.
  1480 | D:2      | Reached XP level 4. HP: 22/24 MP: 4/12
  1725 | D:3      | Reached skill level 5 in Spellcasting
  2115 | D:3      | Reached XP level 5. HP: 28/28 MP: 2/15
  2124 | D:3      | Noticed an orc warrior
  2130 | D:3      | HP: 1/28 [orc priest (2)]
  2359 | D:2      | Learned a level 5 spell: Iskenderun's Battlesphere
  2364 | D:2      | Learned a level 4 spell: Iskenderun's Mystic Blast
  2758 | D:3      | Reached skill level 6 in Conjurations
  2875 | D:3      | Slain by an orc warrior

Action                   |  1- 3 |  4- 6 || total
-------------------------+-------+-------++-------
Melee: Unarmed           |     6 |       ||     6
       Mace              |       |     3 ||     3
 Cast: Magic Dart        |    75 |    65 ||   140
       Iskenderun's Myst |       |     5 ||     5
  Use: Scroll            |     2 |     1 ||     3
       Potion            |       |     5 ||     5
  Eat: Chunk             |     2 |     3 ||     5
       Pizza             |       |     1 ||     1
